 Dungeon Crawl Stone Soup version 0.27.1-4-g1640c2035a (webtiles) character file.

Game seed: 1098019193256547368

159 bearlyready the Cudgeller (level 5, 0/54 HPs)
             Began as an Ogre Delver on Nov 13, 2021.
             Succumbed to a water moccasin's poison
             ... on level 3 of the Dungeon.
             The game lasted 00:05:06 (3861 turns).

bearlyready the Cudgeller (Ogre Delver)             Turns: 3861, Time: 00:05:07

Health: 0/54       AC:  3    Str: 17 (19) XL:     5   Next: 40%
Magic:  5/5        EV:  9    Int:  9 (11) God:
Gold:   125        SH:  0    Dex:  7 (10) Spells: 4/4 levels left

rFire    . . .     SeeInvis .   a - +0 mace
rCold    . . .     Faith    .   (no shield)
rNeg     . . .     Spirit   .   b - +0 robe
rPois    .         Reflect  .   (helmet restricted)
rElec    .         Harm     .   (no cloak)
rCorr    .         Rampage  .   (gloves unavailable)
Will     .....                  (boots unavailable)
Stlth    ++........             (no amulet)
HPRegen  0.18/turn              (no ring)
MPRegen  0.09/turn              (no ring)

@: mighty, lethally poisoned (0 -> -9), hasted, very quick
A: large, unfitting armour, tough skin 1, hooves 1, strong 1
a: no special abilities


You were on level 3 of the Dungeon.
You visited 1 branch of the dungeon, and saw 5 of its levels.

You collected 125 gold pieces.

Inventory:

Hand Weapons
 a - a +0 mace (weapon)
Missiles
 h - 59 stones
 j - 9 boomerangs (quivered)
Armour
 b - a +0 robe (worn)
Wands
 g - a wand of digging (3)
Scrolls
 c - a scroll of fog
 d - a scroll of immolation {unknown}
 e - a scroll of fear
 i - 3 scrolls of identify {unknown}
 k - 2 scrolls of summoning {unknown}
 n - a scroll of amnesia {unknown}
 p - a scroll of noise {unknown}
Potions
 l - a potion of mutation
 o - a potion of might


   Skills:
 - Level 4.0 Fighting
 + Level 5.0 Maces & Flails
 - Level 1.7 Dodging
 - Level 3.7 Stealth


You had 4 spell levels left.
You didn't know any spells.
Your spell library contained the following spells:

 Spells                   Type           Power      Damage    Failure   Level
 Call Canine Familiar     Summ           0%         N/A       77%         3
 Gell's Gravitas          Tloc           0%         N/A       77%         3
 Lesser Beckoning         Tloc           0%         N/A       77%         3
 Portal Projectile        Hex/Tloc       0%         N/A       77%         3
 Teleport Other           Tloc           0%         N/A       77%         3
 Leda's Liquefaction      Hex/Erth       0%         N/A       99%         4


Dungeon Overview and Level Annotations

Branches:
Dungeon (5/15)
 Temple: D:4-7

Altars:

Shops:
D:1 [


Innate Abilities, Weirdness & Mutations

You are too large for most types of armour.
You have tough skin. (AC +1)
You have large cloven feet.
Your muscles are strong. (Str +2)


Message History

You are poisoned.
The water moccasin poisons you!
You hit the water moccasin.
The water moccasin is moderately wounded.
You feel very sick. The water moccasin bites you.
You are more poisoned.
The water moccasin poisons you!
You completely miss the water moccasin.
The water moccasin is moderately wounded.
You feel very sick.
The water moccasin bites you but does no damage.
You miss the water moccasin.
The water moccasin is moderately wounded.
You feel very sick. The water moccasin bites you. x2
* * * LOW HITPOINT WARNING * * *
It was a potion of mutation.
You feel extremely strange.
Your feet thicken and deform.
You feel stronger.
* * * LOW HITPOINT WARNING * * *
You feel sick.
It was a potion of might.
You feel very mighty all of a sudden.
* * * LOW HITPOINT WARNING * * *
You feel sick. The water moccasin bites you.
* * * LOW HITPOINT WARNING * * *
It was a potion of degeneration.
There was something very wrong with that liquid.
You feel weakened.
You feel dopey.
You feel clumsy.
* * * LOW HITPOINT WARNING * * *
You feel sick.
The water moccasin bites you but does no damage.
You hit the water moccasin. You kick the water moccasin.
The water moccasin is severely wounded.
* * * LOW HITPOINT WARNING * * *
You feel sick. The water moccasin bites you.
* * * LOW HITPOINT WARNING * * *
You closely miss the water moccasin.
The water moccasin is severely wounded.
You die...

# ## #. ..........# .# ...
......... .##..#. .#.....##
....... ##.......# .####.
#........## .## ..#####..#
#.........#.....#
.........#.#...S...#.#.....#
.........#......@.##.#.....#
#.................##.#.....#
..####.....................#
#...#..##................#
......##..##............#
###.........#######....##
#......†......# ###..#
#.........#...# ###..#
#############.###....#


You could see a water moccasin.

Vanquished Creatures
  A bullfrog skeleton (D:3)
  An orc wizard (D:3)
  3 adders (D:2)
  A worm (D:3)
  3 dart slugs
  8 orcs
  6 ball pythons
  6 bats
  2 endoplasms (D:2)
  2 giant cockroaches
  4 goblins
  8 hobgoblins
  4 jackals
  3 quokkas
  2 frilled lizards (D:2)
  5 kobolds
  A rat (D:2)
60 creatures vanquished.

Notes
Turn   | Place    | Note
-------+----------+-------------------------------------------
     0 | D:5      | bearlyready the Ogre Delver began the quest for the Orb.
     0 | D:5      | Reached XP level 1. HP: 24/24 MP: 1/1
     8 | D:5      | Noticed a scorpion
    49 | D:4      | Noticed an orc wizard
    49 | D:4      | Noticed an orc priest
    66 | D:5      | Noticed a phantom
    88 | D:4      | Reached skill level 2 in Maces & Flails
   161 | D:4      | Reached XP level 2. HP: 32/32 MP: 2/2
   432 | D:3      | Reached skill level 3 in Maces & Flails
   432 | D:3      | Reached XP level 3. HP: 25/39 MP: 3/3
   758 | D:1      | Found Rafukhlo's Antique Armour Boutique.
   986 | D:1      | Reached XP level 4. HP: 33/48 MP: 4/4
  1507 | D:1      | Reached skill level 4 in Maces & Flails
  1600 | D:1      | Found a faded altar of an unknown god.
  3105 | D:3      | Reached XP level 5. HP: 46/54 MP: 5/5
  3794 | D:3      | Reached skill level 5 in Maces & Flails
  3844 | D:3      | Noticed a water moccasin
  3857 | D:3      | Gained mutation: You have large cloven feet. [potion of
                  | mutation]
  3857 | D:3      | Gained mutation: Your muscles are strong. (Str +2) [potion
                  | of mutation]
  3860 | D:3      | HP: 1/54 [water moccasin (3)]
  3861 | D:3      | Succumbed to a water moccasin's poison

Illustrated notes

Levels and vault maps discovered:
D:1:      evilmike_arrival_crescent, layout_loops_ring, serial_shops, shop,
          dilly_ecumenical_altar_fadedgnrine
D:2:      layout_basic
D:3:      layout_rooms
D:4:      cheibrodos_greedy_goblins, layout_loops_ring, serial_shops,
          nicolae_shop_statue_plus, shop,
          nicolae_shop_competitors_out_of_business, shop, kennysheep_little_box
D:5:      layout_rooms

Skill      XL: |  1  2  3  4  5 |
---------------+----------------+-----
Maces & Flails | 2 3 4 5 |  5.0
Fighting       | |  4.0
Dodging        | |  1.7
Stealth        | |  3.7

Action                   |  1- 3 |  4- 6 || total
-------------------------+-------+-------++-------
Melee: Mace              |    78 |   178 ||   256
       Kick              |       |     1 ||     1
Throw: Stone             |     4 |       ||     4
       Boomerang         |       |     3 ||     3
  Use: Scroll            |     1 |       ||     1
       Potion            |       |     4 ||     4
 Stab: Sleeping          |     1 |     5 ||     6
Armor: Robe              |    26 |    59 ||    85
Dodge: Dodged            |    51 |    82 ||   133
